 Dungeon Sprint DCSS version 0.20-a0-1127-g1289703 (webtiles) character file.

260198 potatolord6000 the Conqueror (level 17, -2/210 HPs)
             Began as a Grey Draconian Gladiator on May 17, 2017.
             Was an Initiate of Gozag.
             Slain by a frost giant
             ... wielding a +1 battleaxe of freezing
              (38 damage)
             ... in the Dungeon (Sprint IX: "|||||||||||||||||||||||||||||") on May 18, 2017.
             The game lasted 00:40:12 (11261 turns).

potatolord6000 the Conqueror (DrGl)                Turns: 11261, Time: 00:40:13

Health: -2/210     AC: 21    Str: 19    XL:     17   Next: 46%
Magic:  43/43      EV: 43    Int:  9    God:    Gozag
Gold:   94         SH:  0    Dex: 26    Spells: 60/60 levels left

rFire    . . .     SeeInvis .   w - +8 quarterstaff of Coefif {crush, Dex+2}
rCold    + . .     Gourm    .   (shield currently unavailable)
rNeg     + . .     Faith    .   (armour unavailable)
rPois    .         Spirit   .   f - +0 hat of Compression {rN+}
rElec    +         Reflect  .   a - +2 cloak
rCorr    .         Harm     .   m - +0 pair of fencer's gloves {+Riposte Dex+3}
MR       +....     NoTele   +   z - +2 pair of boots {Fly}
Stlth    ++........             I - amulet of Xom's Whimsicality {RegenMP *Drain rElec Str-5 Dex+7}
Regen    0.5/turn               y - +5 ring of evasion
MPRegen  0.5/turn               K - +3 ring of slaying

@: gold aura, flying
A: walk through water, unfitting armour, cold resistance 1, robust 1, strong 1,
unbreathing, cold-blooded, AC +14
}: 5/15 runes: decaying, serpentine, barnacled, silver, gossamer
a: Potion Petition, Call Merchant, Bribe Branch, Renounce Religion, Stop Flying


You were in the Dungeon.
You worshipped Gozag.
Gozag was noncommittal.
You were very full.

You visited 1 branch You collected 31756 gold pieces.
You spent 7212 gold pieces at shops.
You paid 24450 gold pieces to Gozag.

Inventory:

Hand Weapons
 w - the +8 quarterstaff of Coefif (weapon) {crush, Dex+2}
   (You bought it in a shop in the Dungeon)

   It inflicts extra damage upon your enemies.
   It affects your dexterity (+2).
Armour
 a - a +2 cloak (worn)
 f - the +0 hat of Compression (worn) {rN+}
   (You bought it in a shop in the Dungeon)

   It protects you from negative energy.
 m - the +0 pair of fencer's gloves (worn) {+Riposte Dex+3}
   (You bought it in a shop in the Dungeon)

   It affects your dexterity (+3).
 z - a +2 pair of boots of flying (worn)
Jewellery
 y - a +5 ring of evasion (left hand)
 I - the amulet of Xom's Whimsicality (around neck) {RegenMP *Drain rElec Str-5 Dex+7}
   (You found it in the Dungeon)

   [amulet of magic regeneration]

   It increases your magic regeneration.
   It affects your strength (-5).
   It affects your dexterity (+7).
   It insulates you from electricity.
   It causes draining when unequipped.
 K - a +3 ring of slaying (right hand)
Scrolls
 b - a scroll of enchant armour
 g - 7 scrolls of remove curse
 j - 4 scrolls of blinking
 k - 2 scrolls of amnesia
 r - 4 scrolls of fear
 u - 4 scrolls of recharging
 E - 4 scrolls of fog
Potions
 c - a potion of invisibility
 e - 2 potions of curing
 h - 4 potions of magic
 i - a potion of berserk rage
 l - 10 potions of heal wounds
 n - a potion of lignification {unknown}
 p - 2 potions of agility
 q - 8 potions of haste
 t - a potion of flight {unknown}
 x - a potion of might
 B - 2 potions of brilliance
 D - a potion of resistance
Comestibles
 d - 39 fruits
 o - 12 bread rations
 s - a royal jelly
 v - 4 meat rations


   Skills:
 O Level 27 Fighting
 O Level 27 Staves
 - Level 1.7 Throwing
 + Level 26.8 Dodging
 + Level 22.3 Spellcasting


You had 60 spell levels left.
You didn't know any spells.

Dungeon Overview and Level Annotations

Branches:
Dungeon (1/1)

Altars:
Cheibriados
Dithmenos
Elyvilon
Fedhas
Gozag
Hepliaklqana
Kikubaaqudgha
Makhleb
Nemelex Xobeh
Okawaru
Qazlal
Ru
Sif Muna
Trog
Uskayaw
Vehumet
Wu Jian
Xom
Yredelemnul
Zin
The Shining One
Beogh
Jiyva
Lugonu

Shops:
D =[=}*}!([([?!=?[=[


Innate Abilities, Weirdness & Mutations

You can walk through water.
Your dull iron-grey scales are very hard. (AC +14)
You cannot fit into any form of body armour.
You can survive without breathing.
You are cold-blooded and may be slowed by cold attacks.
Your flesh is cold resistant. (rC+)
You are robust. (+10% HP)
Your muscles are strong. (Str +2)


Message History

The ettin is no longer distracted by gold.
The yaktaur captain completely misses you.
Unknown command.
Unknown command.
You thump the yaktaur captain! You tail-slap the yaktaur captain.
The yaktaur captain is almost dead.
You bludgeon the yaktaur captain!!
You kill the yaktaur captain!
The deep elf death mage is no longer distracted by gold.
Unknown command.
The deep elf death mage beckons forth a restless soul!
The frost giant is distracted by the nearby gold.
Things that are here:
126 gold pieces; an arbalest; 11 bolts Unknown command.
You barely miss the frost giant.
The frost giant is no longer distracted by gold.
The frost giant hits you with a battleaxe of freezing!!!
You die...
Your body crumbles into a pile of gold.

▓▓▓▓▓▓▓▓▓▓▓▓▓▓▓
+..*eCC@$$....▓
▓▓▓▓▓▓▓▓▓▓▓▓▓▓▓▓▓▓▓▓▓▓.▓
.......................▓
▓▓▓▓▓▓▓▓▓▓▓▓▓▓▓▓▓▓▓▓▓▓▓▓
)))..?.".......'.......▓
▓▓▓▓▓▓▓▓▓▓▓▓▓▓▓▓▓▓▓▓▓▓.▓
.......................▓
▓▓▓▓▓▓▓▓▓▓▓▓▓▓▓▓▓▓▓▓▓▓▓▓
)))))))))))))..........▓


You could see a frost giant, a deep elf death mage, an ettin and a lost soul.

Vanquished Creatures
  Boris (D)
  Margery (D)
  Xtahua (D)
  Nikola (D)
  2 tentacled monstrosities (D)
  2 titans (D)
  A sphinx (D)
  2 tengu reavers (D)
  5 shadow dragons (D)
  A storm dragon (D)
  A thorn hunter (D)
  Ilsuiw (D)
  7 nagarajas (D)
  A frost giant (D)
  2 ghost moths (D)
  Louise (D)
  6 vault wardens (D)
  7 emperor scorpions (D)
  2 ironheart preservers (D)
  A spriggan defender (D)
  7 stone giants (D)
  A deep elf annihilator (D)
  Azrael (D)
  6 merfolk javelineers (D)
  3 ettins (D)
  3 great orbs of eyes (D)
  3 merfolk impalers (D)
  4 fire dragons (D)
  Erolcha (D)
  3 ice dragons (D)
  3 naga warriors (D)
  4 yaktaur captains (D)
  25 vault guards (D)
  2 rakshasas (D)
  7 hydras (D)
  An alligator snapping turtle (D)
  Erica (D)
  A spriggan air mage (D)
  3 centaur warriors (D)
  A death knight (D)
  A merfolk avatar (D)
  3 two-headed ogres (D)
  2 deep troll earth magi (D)
  A shock serpent (D)
  4 ogre magi (D)
  Nergalle (D)
  A naga sharpshooter (D)
  3 hell knights (D)
  An orc high priest (D)
  Sonja (D)
  A shadow wraith (D)
  An unseen horror (D)
  2 deep trolls (D)
  A wizard (D)
  7 swamp dragons (D)
  3 lindwurms (D)
  A shambling mangrove (D)
  2 ironbrand convokers (D)
  7 orc knights (D)
  A harpy (D)
  4 necromancers (D)
  An orc sorcerer (D)
  2 orb spiders (D)
  3 wolf spiders (D)
  A manticore (D)
  2 moths of wrath (D)
  2 guardian serpents (D)
  2 vault sentinels (D)
  Joseph (D)
  4 naga magi (D)
  6 black mambas (D)
  A merfolk siren (D)
  4 spiny frogs (D)
  A komodo dragon (shapeshifter) (D)
  A freezing wraith (D)
  A rime drake (D)
  A komodo dragon (D)
  A yaktaur (D)
  3 merfolk (D)
  2 jumping spiders (D)
  3 tyrant leeches (D)
  6 trolls (D)
  A wind drake (D)
  3 hornets (D)
  3 slime creatures (D)
  A snapping turtle (D)
  3 hippogriffs (D)
  A spriggan (D)
  2 tarantellas (D)
  4 redbacks (D)
  2 wraiths (D)
  A hog (shapeshifter) (D)
  A basilisk (D)
  A yak (shapeshifter) (D)
  3 fire elementals (D)
  Grum (D)
  A soldier ant (D)
  A naga (D)
  2 water moccasins (D)
  3 porcupines (D)
  2 swamp drakes (D)
  A hell hound (D)
  12 orc warriors (D)
  4 wolves (D)
  A centaur (D)
  2 ogres (D)
  A crocodile (D)
  2 bullfrogs (D)
  A scorpion (D)
  2 hounds (D)
  3 orc priests (D)
  A worker ant (D)
  2 adders (D)
  A gnoll (D)
  An adder skeleton (D)
  An adder zombie (D)
  3 worms (D)
  A dart slug (D)
  5 orcs (D)
  A quokka (D)
  2 bats (D)
  A giant cockroach zombie (D)
  A kobold (D)
  A rat (D)
308 creatures vanquished.

Vanquished Creatures (others)
  A shadow dragon (D)
  A merfolk aquamancer (D)
  A spatial maelstrom (D)
3 creatures vanquished.

Grand Total: 311 creatures vanquished

Notes
Turn   | Place    | Note
-------+----------+-------------------------------------------
     0 | D        | potatolord6000 the Draconian Gladiator began the quest for the Orb.
     0 | D        | Reached XP level 1. HP: 17/17 MP: 1/1
    12 | D        | Banished a spatial maelstrom
    24 | D        | Reached XP level 2. HP: 27/27 MP: 2/2
    42 | D        | Reached XP level 3. HP: 30/34 MP: 3/3
    55 | D        | Found a roughly hewn altar of Beogh.
    55 | D        | Found a snail-covered altar of Cheibriados.
    55 | D        | Found a shadowy altar of Dithmenos.
    55 | D        | Found a white marble altar of Elyvilon.
    55 | D        | Found a blossoming altar of Fedhas.
    55 | D        | Found an opulent altar of Gozag.
    56 | D        | Found a hazy altar of Hepliaklqana.
    57 | D        | Found a viscous altar of Jiyva.
    58 | D        | Found an ancient bone altar of Kikubaaqudgha.
    59 | D        | Found a corrupted altar of Lugonu.
    60 | D        | Found a burning altar of Makhleb.
    61 | D        | Found a sparkling altar of Nemelex Xobeh.
    62 | D        | Found an iron altar of Okawaru.
    63 | D        | Became a worshipper of Gozag Ym Sagoz the Greedy
    64 | D        | Found a stormy altar of Qazlal.
    65 | D        | Found a sacrificial altar of Ru.
    66 | D        | Found a deep blue altar of Sif Muna.
    67 | D        | Found a bloodstained altar of Trog.
    68 | D        | Found a hide-covered altar of Uskayaw.
    69 | D        | Found a radiant altar of Vehumet.
    70 | D        | Found an ornate altar of the Wu Jian Council.
    71 | D        | Found a shimmering altar of Xom.
    72 | D        | Found a basalt altar of Yredelemnul.
    73 | D        | Found a glowing silver altar of Zin.
    74 | D        | Found a glowing golden altar of the Shining One.
   120 | D        | Noticed an ogre
   120 | D        | Noticed an ogre
   120 | D        | Noticed a bullfrog
   125 | D        | Killed a bullfrog
   125 | D        | Reached skill level 5 in Fighting
   125 | D        | Reached skill level 5 in Staves
   125 | D        | Reached skill level 5 in Dodging
   125 | D        | Reached XP level 4. HP: 44/44 MP: 4/4
   131 | D        | Reached XP level 5. HP: 51/51 MP: 5/5
   136 | D        | Killed an ogre
   139 | D        | Killed an ogre
   139 | D        | Reached XP level 6. HP: 35/62 MP: 6/6
   274 | D        | Noticed a soldier ant
   274 | D        | Noticed a slime creature
   274 | D        | Noticed a hippogriff
   279 | D        | Killed a hippogriff
   286 | D        | Your scales start taking on a dull iron-grey colour.
   286 | D        | Reached XP level 7. HP: 64/71 MP: 7/7
   286 | D        | Gained mutation: You can survive without breathing. [Grey Draconian growth]
   293 | D        | Killed a slime creature
   293 | D        | Reached skill level 10 in Fighting
   297 | D        | Reached skill level 10 in Staves
   359 | D        | Noticed Grum
   372 | D        | Killed Grum
   372 | D        | Reached XP level 8. HP: 68/82 MP: 8/8
   381 | D        | Reached skill level 10 in Dodging
   463 | D        | Noticed a hippogriff
   463 | D        | Noticed a komodo dragon
   463 | D        | Noticed a black mamba
   476 | D        | Killed a black mamba
   485 | D        | Noticed an eight-headed hydra
   497 | D        | Killed a komodo dragon
   497 | D        | Reached XP level 9. HP: 46/92 MP: 9/9
   509 | D        | Killed an eight-headed hydra
   627 | D        | Bought the ring of Jojinnin {Str+5 SInv} for 838 gold pieces
   732 | D        | Noticed a rime drake
   732 | D        | Noticed a black mamba
   732 | D        | Noticed a black mamba
   732 | D        | Noticed a spiny frog
   736 | D        | Killed a spiny frog
   746 | D        | Killed a black mamba
   753 | D        | Killed a black mamba
   753 | D        | Reached XP level 10. HP: 73/104 MP: 10/10
   809 | D        | Bought 2 potions of agility for 80 gold pieces
   809 | D        | Bought a potion of curing for 30 gold pieces
   809 | D        | Bought a potion of mutation for 80 gold pieces
   809 | D        | Bought a potion of mutation for 80 gold pieces
   809 | D        | Bought a potion of haste for 100 gold pieces
   809 | D        | Gained mutation: Your mind is acute. (Int +2) [potion of mutation]
   809 | D        | Gained mutation: You tend to lose your temper in combat. [potion of mutation]
   809 | D        | Gained mutation: You are somewhat resistant to further mutation. [potion of mutation]
   821 | D        | Lost mutation: Your mind is acute. (Int +2) [potion of mutation]
   821 | D        | Lost mutation: You are somewhat resistant to further mutation. [potion of mutation]
   821 | D        | Lost mutation: You tend to lose your temper in combat. [potion of mutation]
   821 | D        | Gained mutation: You passively map a small area around you. [potion of mutation]
   821 | D        | Gained mutation: Your system is resistant to poisons. (rPois) [potion of mutation]
   997 | D        | Noticed a lindwurm
   997 | D        | Noticed a lindwurm
  1007 | D        | Reached skill level 15 in Fighting
  1012 | D        | Killed a lindwurm
  1026 | D        | Killed a lindwurm
  1041 | D        | Noticed a lindwurm
  1057 | D        | Killed a lindwurm
  1242 | D        | Noticed an orc knight
  1251 | D        | Reached skill level 15 in Staves
  1268 | D        | Killed an orc knight
  1460 | D        | Bought a pair of faintly humming boots for 313 gold pieces
  1460 | D        | Identified the +0 pair of boots of Lilacs {*Drain rC++ Int+6} (You bought it in a shop in the Dungeon)
  1472 | D        | Noticed an orc knight
  1472 | D        | Noticed an orc high priest
  1472 | D        | Noticed an orc knight
  1485 | D        | Killed an orc knight
  1485 | D        | Reached XP level 11. HP: 94/114 MP: 11/11
  1486 | D        | Noticed an orc knight
  1510 | D        | Killed an orc high priest
  1511 | D        | Noticed an orc sorcerer
  1523 | D        | Killed an orc knight
  1538 | D        | Killed an orc knight
  1562 | D        | Killed an orc sorcerer
  1905 | D        | Found Wel Walub's Distillery.
  1905 | D        | Noticed an ogre mage
  1905 | D        | Noticed a stone giant
  1905 | D        | Noticed an ogre mage
  1905 | D        | Noticed an ogre mage
  1917 | D        | Killed a stone giant
  1917 | D        | Reached skill level 15 in Dodging
  1918 | D        | Noticed an ogre mage
  1918 | D        | Found Puwkat's Gadget Shop.
  1919 | D        | Killed an ogre mage
  1927 | D        | Killed an ogre mage
  1937 | D        | Killed an ogre mage
  1943 | D        | Found Guxeirph's Assorted Antiques.
  1951 | D        | Paralysed by an ogre mage for 3 turns
  1956 | D        | Killed an ogre mage
  1957 | D        | Found Guysump's Gadget Shop.
  1959 | D        | Noticed a deep troll
  1962 | D        | Noticed a deep troll
  1970 | D        | Killed a deep troll
  1975 | D        | Reached XP level 12. HP: 115/128 MP: 12/12
  2044 | D        | Bought a potion of heal wounds for 50 gold pieces
  2044 | D        | Bought 2 potions of haste for 200 gold pieces
  2044 | D        | Bought a potion of curing for 30 gold pieces
  2052 | D        | Bought the ring "Arupset" {rPois Dex+5} for 524 gold pieces
  2052 | D        | Bought a +5 ring of evasion for 550 gold pieces
  2073 | D        | Noticed Sonja
  2085 | D        | Killed Sonja
  2108 | D        | Noticed Joseph
  2125 | D        | Killed Joseph
  2131 | D        | Noticed Erolcha
  2146 | D        | Killed Erolcha
  2188 | D        | Upgraded the game from 0.20-a0-1126-g0f15420 to 0.20-a0-1127-g1289703
  2396 | D        | Lost mutation: Your system is resistant to poisons. (rPois) [potion of mutation]
  2396 | D        | Lost mutation: You passively map a small area around you. [potion of mutation]
  2396 | D        | Gained mutation: You are robust. (+10% HP) [potion of mutation]
  2396 | D        | Gained mutation: Your flesh is cold resistant. (rC+) [potion of mutation]
  2396 | D        | Gained mutation: Your muscles are strong. (Str +2) [potion of mutation]
  2451 | D        | Noticed a two-headed ogre
  2451 | D        | Noticed a two-headed ogre
  2452 | D        | Noticed a two-headed ogre
  2456 | D        | Noticed a centaur warrior
  2457 | D        | Killed a two-headed ogre
  2459 | D        | Noticed a rakshasa
  2465 | D        | Killed a two-headed ogre
  2471 | D        | Noticed a centaur warrior
  2476 | D        | Noticed an ettin
  2483 | D        | Noticed a deep troll earth mage
  2493 | D        | Killed a two-headed ogre
  2494 | D        | Noticed a great orb of eyes
  2506 | D        | Killed a centaur warrior
  2519 | D        | Killed a rakshasa
  2529 | D        | Killed a centaur warrior
  2538 | D        | Killed an ettin
  2561 | D        | Killed a deep troll earth mage
  2575 | D        | Killed a great orb of eyes
  2630 | D        | Bought a steaming quarterstaff for 288 gold pieces
  2632 | D        | Identified the cursed +1 quarterstaff of the Augurer {venom, *Rage +Rage Int+4 Stlth+} (You bought it in a shop in the Dungeon)
  2889 | D        | Noticed Nergalle
  2902 | D        | Killed Nergalle
  2939 | D        | Noticed a four-headed hydra
  2967 | D        | Noticed a thorn hunter
  2977 | D        | Killed a four-headed hydra
  2977 | D        | Reached XP level 13. HP: 70/154 MP: 13/13
  3003 | D        | Killed a thorn hunter
  3031 | D        | Bought the amulet of Generosity {Spirit Int+4} for 590 gold pieces
  3470 | D        | Noticed a merfolk javelineer
  3472 | D        | Noticed a merfolk javelineer
  3480 | D        | Killed a merfolk javelineer
  3480 | D        | Reached skill level 1 in Spellcasting
  3545 | D        | Killed a merfolk javelineer
  3856 | D        | Killed a ghost moth
  3873 | D        | Reached skill level 5 in Spellcasting
  3893 | D        | Noticed a nagaraja
  3894 | D        | Noticed a nagaraja
  3924 | D        | Killed a nagaraja
  3931 | D        | Killed a nagaraja
  4164 | D        | Noticed Erica
  4175 | D        | Killed Erica
  4203 | D        | Noticed Azrael
  4224 | D        | Killed Azrael
  4498 | D        | Noticed an ettin
  4498 | D        | Noticed a frost giant
  4503 | D        | Noticed a deep elf annihilator
  4528 | D        | Killed a frost giant
  4528 | D        | Reached XP level 14. HP: 139/169 MP: 20/26
  4533 | D        | Noticed a shadow dragon
  4538 | D        | Noticed a sphinx
  4546 | D        | Noticed a spriggan defender
  4574 | D        | Killed a shadow dragon
  4589 | D        | Noticed a stone giant
  4590 | D        | Killed a sphinx
  4610 | D        | Noticed a tengu reaver
  4610 | D        | Killed a spriggan defender
  4622 | D        | Killed a stone giant
  4622 | D        | Reached skill level 10 in Spellcasting
  4652 | D        | Killed a tengu reaver
  4716 | D        | Bought a steaming hat for 333 gold pieces
  4716 | D        | Bought a pair of runed gloves for 277 gold pieces
  4716 | D        | Identified the +0 hat of Compression {rN+} (You bought it in a shop in the Dungeon)
  4998 | D        | Noticed a vault warden
  5036 | D        | Noticed a stone giant
  5042 | D        | Noticed a vault warden
  5047 | D        | Killed a vault warden
  5078 | D        | Killed a stone giant
  5079 | D        | Noticed a storm dragon
  5089 | D        | Killed a vault warden
  5090 | D        | Noticed an ironheart preserver
  5103 | D        | Noticed a stone giant
  5140 | D        | Killed a storm dragon
  5147 | D        | Killed an ironheart preserver
  5158 | D        | Killed a stone giant
  5182 | D        | Reached XP level 15. HP: 43/182 MP: 12/31
  5544 | D        | Bought a scroll of enchant armour for 112 gold pieces
  5544 | D        | Bought a scroll of identify for 30 gold pieces
  5544 | D        | Bought a scroll of identify for 30 gold pieces
  5544 | D        | Bought a scroll of identify for 30 gold pieces
  5544 | D        | Bought a scroll of remove curse for 45 gold pieces
  5544 | D        | Bought a scroll of enchant weapon for 112 gold pieces
  5544 | D        | Bought a scroll of identify for 30 gold pieces
  5587 | D        | Noticed Louise
  5611 | D        | Killed Louise
  5854 | D        | Noticed a nagaraja
  5854 | D        | Noticed a nagaraja
  5857 | D        | Noticed a nagaraja
  5862 | D        | Killed a nagaraja
  5868 | D        | Killed a nagaraja
  5897 | D        | Killed a nagaraja
  5902 | D        | Noticed a nagaraja
  5922 | D        | Killed a nagaraja
  5953 | D        | Noticed a nagaraja
  5961 | D        | Killed a nagaraja
  5967 | D        | Got a serpentine rune of Zot
  6425 | D        | Got a decaying rune of Zot
  6639 | D        | Bought the ring of the Empire {MP+9 Str+4} for 460 gold pieces
  6828 | D        | Reached skill level 15 in Spellcasting
  6835 | D        | Killed a ghost moth
  6893 | D        | Got a gossamer rune of Zot
  7345 | D        | Noticed Ilsuiw
  7394 | D        | Killed Ilsuiw
  7431 | D        | Reached XP level 16. HP: 47/198 MP: 8/36
  7462 | D        | Got a barnacled rune of Zot
  8381 | D        | Bought the +8 quarterstaff of Coefif {crush, Dex+2} for 800 gold pieces
  8514 | D        | Noticed a tentacled monstrosity
  8526 | D        | Reached skill level 27 in Fighting
  8532 | D        | Killed a tentacled monstrosity
  8547 | D        | Noticed a shadow dragon
  8565 | D        | Noticed a shadow dragon
  8589 | D        | Killed a shadow dragon
  8615 | D        | Killed a shadow dragon
  9037 | D        | Noticed a shadow dragon
  9037 | D        | Noticed a tentacled monstrosity
  9037 | D        | Noticed a titan
  9037 | D        | Noticed a shadow dragon
  9038 | D        | Noticed a titan
  9045 | D        | Noticed a shadow dragon
  9054 | D        | Killed a shadow dragon
  9064 | D        | Killed a titan
  9080 | D        | Killed a tentacled monstrosity
  9100 | D        | Killed a shadow dragon
  9100 | D        | Reached XP level 17. HP: 69/210 MP: 21/40
  9105 | D        | Killed a titan
  9115 | D        | Reached skill level 27 in Staves
  9124 | D        | Got a silver rune of Zot
  9486 | D        | Noticed Xtahua
  9502 | D        | Paralysed by Xtahua for 5 turns
  9508 | D        | Killed Xtahua
  9772 | D        | Got the amulet of Xom's Whimsicality {RegenMP *Drain rElec Str-5 Dex+7}
  9774 | D        | Got the amulet of Sas Teha {RegenMP rPois rF+ Int+2 Dex-3 Stlth+}
  9778 | D        | Got the ring of the Vendetta {rPois Stlth+}
  9780 | D        | Got the ring "Coeff" {Str+2 Dex+3}
 10661 | D        | Noticed Margery
 10687 | D        | Killed Margery
 10707 | D        | Noticed Nikola
 10721 | D        | Killed Nikola
 10885 | D        | Bought the +0 pair of fencer's gloves {+Riposte Dex+3} for 1200 gold pieces
 11146 | D        | Noticed Boris
 11169 | D        | Killed Boris
 11261 | D        | Slain by a frost giant

Vault maps used:
D:        linesprint

Skill      XL: |  1  2  3  4  5  6  7  8  9 10 11 12 13 14 15 16 17 |
---------------+----------------------------------------------------+-----
Dodging        | 3 4 5 7 8 9 11 12 14 15 17 19 20 22 25 26 | 26.8
Fighting       | 3 4 5 6 8 9 11 12 14 16 18 20 22 23 25 27 | 27.0
Staves         | 4 5 6 8 9 10 12 13 15 17 19 20 22 24 26 27 | 27.0
Spellcasting   | 8 12 16 19 22 | 22.3
Throwing       | |  1.7

Action                   |  1- 3 |  4- 6 |  7- 9 | 10-12 | 13-15 | 16-18 || total
-------------------------+-------+-------+-------+-------+-------+-------++-------
Melee: Quarterstaff      |    39 |    26 |   111 |   498 |   595 |   318 ||  1587
       Tailslap          |     4 |     5 |    15 |   126 |   218 |   151 ||   519
       Lajatang          |       |       |       |       |   311 |   163 ||   474
Invok: Call Merchant     |       |       |     1 |     5 |     6 |     2 ||    14
       Potion Petition   |       |       |       |       |     2 |     2 ||     4
  Use: Potion            |     1 |       |     4 |    12 |     9 |     5 ||    31
       Scroll            |       |       |       |     5 |     4 |     6 ||    15
 Stab: Distracted        |       |       |     3 |     2 |    16 |     7 ||    28
       Sleeping          |       |       |       |       |     2 |       ||     2
  Eat: Bread ration      |       |       |       |     1 |       |       ||     1
       Meat ration       |       |       |       |     2 |     3 |     3 ||     8
       Fruit             |       |       |       |     1 |       |       ||     1
Armor: Skin              |     8 |     4 |    11 |    40 |   107 |    50 ||   220
Dodge: Dodged            |    24 |    13 |    56 |   237 |   709 |   296 ||  1335
       Rpst.: Quarterstaff |       |       |       |       |       |     3 ||     3
